AoeStats
← haha

Arabia

508913095Analyzed
1v1 RM · 8d ago on Sep 24, 2026· 58m 37s· 2 players
Game mode
Random Map
Map size
Tiny (2 player)
Population
200
Speed
Normal
Resources
Standard
Victory
Conquest
Starting age
Dark Age
Ending age
Imperial Age
RankedLock teamsTeams togetherTeam positionsShared explorationLock speedFull tech treeHidden civsTurbo modeCheats
Victory
Defeat
🇹🇷 Burmese · Türkiye
1160
+16
🇷🇺 Lithuanians · Russia
1163
-16
Salvoo
6:51 Loom
10:36 Feudal Age
10:51 Man-at-Arms
15:22 Arson
19:12 Town Watch
20:19 Scale Mail Armor
21:39 Fletching
25:28 Castle Age
24:15 Forging
24:23 Town Watch
25:43 Long Swordsman
27:32 Wheelbarrow
27:16 Chain Mail Armor
27:22 Gold Mining
31:19 Iron Casting
33:26 Squires
34:08 Redemption
34:49 Sanctity
37:37 Squires
39:44 Bodkin Arrow
40:20 Gambesons
45:28 Horse Collar
47:05 Stone Mining
49:53 Imperial Age
49:19 Hand Cart
50:09 Capped Ram
50:21 Two-Handed Swordsman
53:17 Conscription
53:49 Plate Mail Armor
55:00 Blast Furnace
55:37 Champion
58:41 Bracer
haha
10:01 Feudal Age
8:18 Loom
10:04 Feudal Age
11:02 Double-Bit Axe
10:59 Horse Collar
18:38 Fletching
27:12 Castle Age
26:56 Gold Mining
29:37 Crossbowman
30:16 Bodkin Arrow
35:07 Wheelbarrow
37:24 Scale Barding Armor
37:35 Bloodlines
37:59 Padded Archer Armor
37:57 Light Cavalry
47:24 Imperial Age
44:56 Town Watch
47:47 Padded Archer Armor
48:49 Husbandry
49:18 Bracer
53:15 Bow Saw
57:55 Thumb Ring
Connection lost

Rejoining the realm…

Still unreachable

The connection could not be restored.

Session expired

The server has moved on; the page needs a fresh start.